 Dungeon Crawl Stone Soup version 0.27.0-1-g7a089689b8 (webtiles) character file.

Game seed: 11062623423913417491

88 Thatpatchoflichen the Chiller (level 4, 0/24 HPs)
             Began as a Deep Elf Ice Elementalist on Aug 14, 2021.
             Succumbed to an adder's poison
             ... on level 3 of the Dungeon.
             The game lasted 00:04:55 (2557 turns).

Thatpatchoflichen the Chiller (DEIE)                Turns: 2557, Time: 00:04:56

Health: 0/24       AC:  3    Str:  5    XL:     4   Next: 30%
Magic:  12/12      EV: 13    Int: 21    God:
Gold:   83         SH:  0    Dex: 15    Spells: 10/11 levels left

rFire    . . .     SeeInvis .   f - +2 war axe (elec)
rCold    . . .     Faith    .   (no shield)
rNeg     . . .     Spirit   .   a - +0 robe
rPois    .         Reflect  .   (no helmet)
rElec    .         Harm     .   (no cloak)
rCorr    +         Rampage  .   (no gloves)
Will     .....                  c - +0 pair of boots
Stlth    ++........             (no amulet)
HPRegen  0.08/turn              j - ring of resist corrosion
MPRegen  0.13/turn              (no ring)

@: lethally poisoned (0 -> -4)
A: no striking features
a: no special abilities


You were on level 3 of the Dungeon.
You visited 1 branch of the dungeon, and saw 3 of its levels.

You collected 83 gold pieces.

Inventory:

Hand Weapons
 f - a +2 war axe of electrocution (weapon)
Missiles
 g - 14 bolts
 i - 17 stones
 k - 24 arrows
 l - 21 sling bullets
Armour
 a - a +0 robe (worn)
 c - a +0 pair of boots (worn)
Jewellery
 j - a ring of resist corrosion (left hand)
Scrolls
 b - 2 scrolls of identify {unknown}
 d - a scroll of brand weapon {unknown}
 e - a scroll of magic mapping {unknown}
Potions
 h - a potion of resistance {unknown}


   Skills:
 + Level 3.9 Dodging
 - Level 2.4 Stealth
 + Level 4.4 Spellcasting
 - Level 5.0 Ice Magic


You had 10 spell levels left.
You knew the following spells:

 Your Spells              Type           Power      Damage    Failure   Level
a - Freeze                Ice            100%       1d11      1%          1

Your spell library contained the following spells:

 Spells                   Type           Power      Damage    Failure   Level
 Frozen Ramparts          Ice            50%        1d7       4%          3
 Ozocubu's Armour         Ice            25%        N/A       4%          3
 Beastly Appendage        Tmut           8%         N/A       12%         1
 Wereblood                Tmut           4%         N/A       17%         2
 Portal Projectile        Hex/Tloc       8%         N/A       34%         3
 Spider Form              Tmut/Pois      2%         N/A       34%         3
 Hailstorm                Conj/Ice       15%        3d5       38%         4
 Blade Hands              Tmut           2%         N/A       97%         5
 Excruciating Wounds      Necr           2%         N/A       97%         5


Dungeon Overview and Level Annotations

Branches:
Dungeon (3/15)

Altars:


Message History

The quokka is almost dead.
The quokka closely misses you. The quokka bites you.
The endoplasm quivers.
You slash the quokka! Lightning courses through the quokka!
You kill the quokka!
The adder bites you but does no damage.
You barely miss the adder. The adder misses you. The adder barely misses you.
You barely miss the adder. The adder bites you but does no damage.
The adder bites you.
You are poisoned.
The adder poisons you!
You hit the adder.
The adder is moderately wounded.
You feel sick. The adder bites you.
You are more poisoned.
The adder poisons you! The adder closely misses you.
You closely miss the adder.
The adder is lightly wounded.
You feel very sick. The adder closely misses you. The adder bites you.
You slash the adder!
The adder is almost dead.
You feel very sick. The adder bites you.
* * * LOW HITPOINT WARNING * * *
You are lethally poisoned!
The adder poisons you! The adder bites you but does no damage.
You hit the adder.
You kill the adder!
* * * LOW HITPOINT WARNING * * *
You feel sick. The endoplasm closely misses you.
You slash the endoplasm!
Lightning courses through the endoplasm!
You kill the endoplasm!
* * * LOW HITPOINT WARNING * * *
You feel sick.
* * * LOW HITPOINT WARNING * * *
You feel sick.
There is an open door here.
You die...

......... .........
..#.....# ##+#
#..>..... ##...#
#........ #...#
##.....## #........
....#
#.......###........
....#
.........##........
....
.........'@.#.....#
..#
.........#.........
.#
#....##.######.#.##
.# ##.. #≈.≈# # #
.# # #≈.≈# ## #≈.≈#
# #.#≈.≈# # #.#≈.≈#
# ##.#≈.≈#


There were no monsters in sight!

Vanquished Creatures
  Terence (D:3)
  An adder (D:3)
  A shadow imp (D:2)
  2 dart slugs (D:1)
  2 bats
  5 endoplasms
  4 giant cockroaches
  2 goblins (D:2)
  A hobgoblin (D:1)
  4 jackals
  2 quokkas
  4 ball pythons
  3 frilled lizards
  7 kobolds
  6 rats
45 creatures vanquished.

Notes
Turn   | Place    | Note
-------+----------+-------------------------------------------
     0 | D:1      | Thatpatchoflichen the Deep Elf Ice Elementalist began the
                  | quest for the Orb.
     0 | D:1      | Reached XP level 1. HP: 10/10 MP: 6/6
   434 | D:1      | Reached XP level 2. HP: 15/15 MP: 4/8
  1401 | D:2      | Reached skill level 5 in Ice Magic
  1430 | D:2      | Reached XP level 3. HP: 19/19 MP: 10/10
  2105 | D:3      | Noticed Terence
  2256 | D:3      | Killed Terence
  2257 | D:3      | Reached XP level 4. HP: 6/24 MP: 12/12
  2556 | D:3      | HP: 1/24 [poisoned by an adder]
  2557 | D:3      | Succumbed to an adder's poison

Illustrated notes

Levels and vault maps discovered:
D:1:      matt_arrival_diagonals, layout_basic, minmay_box_of_dots
D:2:      layout_basic, minivault_24
D:3:      minmay_recursive_quarters, layout_loops_corners,
          amcnicky_mini_rare_corridor_liquid, st_stairs_2, uniq_terence

Skill      XL: |  1  2  3 |
---------------+----------+-----
Ice Magic      | 5 |  5.0
Dodging        | 3 |  3.9
Spellcasting   | 4 |  4.4
Stealth        | |  2.4

Action                   |  1- 3 |  4- 6 || total
-------------------------+-------+-------++-------
Melee: Unarmed           |     3 |       ||     3
       War axe           |    28 |    16 ||    44
 Cast: Freeze            |    26 |       ||    26
 Stab: Sleeping          |     3 |     2 ||     5
       Distracted        |     1 |       ||     1
Armor: Robe              |    14 |     5 ||    19
Dodge: Dodged            |    38 |    13 ||    51
